 Dungeon Crawl Stone Soup version 0.28.0-47-ge53b351184 (webtiles) character file.

Game seed: 14005912695132106624

25 Iusername the Covered (level 2, -2/27 HPs)
             Began as a Minotaur Fighter on May 6, 2022.
             Killed from afar by Sigmund (8 damage)
             ... with a magic dart
             ... on level 2 of the Dungeon.
             The game lasted 00:00:41 (1005 turns).

Iusername the Covered (Minotaur Fighter)            Turns: 1005, Time: 00:00:42

Health: -2/27      AC:  7    Str: 20    XL:     2   Next: 86%
Magic:  1/1        EV:  9    Int:  5    God:
Gold:   5          SH:  0    Dex:  9    Spells: 1/1 levels left

rFire   . . .      SeeInvis .   a - +0 war axe
rCold   . . .      Faith    .   c - +0 buckler
rNeg    . . .      Spirit   .   b - +0 scale mail
rPois   .          Reflect  .   (helmet restricted)
rElec   .          Harm     .   (no cloak)
rCorr   .          Rampage  .   (no gloves)
Will    .....                   (no boots)
Stlth   ..........              (no amulet)
HPRegen 0.09/turn               (no ring)
MPRegen 0.07/turn               (no ring)

@: confused, mighty
A: horns 2, retaliatory headbutt
a: no special abilities


You were on level 2 of the Dungeon.
You visited 1 branch of the dungeon, and saw 2 of its levels.

You collected 5 gold pieces.

Inventory:

Hand Weapons
 a - a +0 war axe (weapon)
Armour
 b - a +0 scale mail (worn)
 c - a +0 buckler (worn)
Scrolls
 f - a scroll of vulnerability {unknown}
 h - a scroll of identify {unknown}
 i - a scroll of silence {unknown}
Potions
 d - a potion of might
 e - a potion of curing {unknown}
 g - a potion of brilliance {unknown}


   Skills:
 + Level 4.0 Fighting
 + Level 3.0 Axes
 + Level 4.0 Armour
 + Level 4.0 Shields


You had one spell level left.
You didn't know any spells.
Your spell library contained the following spells:

 Spells                   Type           Power      Damage    Failure   Level
 Summon Small Mammal      Summ           0%         N/A       89%         1
 Call Canine Familiar     Summ           0%         N/A       99%         3
 Summon Guardian Golem    Hex/Summ       0%         N/A       99%         3


Dungeon Overview and Level Annotations

Branches:
Dungeon (2/15)

Altars:

Annotations:
D:2 Sigmund


Innate Abilities, Weirdness & Mutations

You have a pair of horns on your head.
You reflexively headbutt those who attack you in melee.


Message History

You kill the goblin!
Sigmund closely misses you.
You closely miss Sigmund. Your headbutt misses Sigmund.
Sigmund points at you and mumbles some strange words.
You are confused.
You hit Sigmund. You headbutt Sigmund!
Sigmund is heavily wounded.
Sigmund looks at you with fury. Sigmund hits you with a +0 scythe.
Sigmund gestures at you while chanting.
The magic dart hits you but does no damage.
Sigmund barely misses you.
You closely miss Sigmund.
Sigmund is heavily wounded.
Sigmund hits you with a +0 scythe.
You barely miss Sigmund. Your headbutt misses Sigmund.
Sigmund is heavily wounded.
You feel less confused. You block Sigmund's attack.
You closely miss Sigmund.
Sigmund is heavily wounded.
You block Sigmund's attack.
You closely miss Sigmund. Your headbutt misses Sigmund.
Sigmund is heavily wounded.
Sigmund closely misses you.
You slash Sigmund!
Sigmund is almost dead.
Sigmund points at you and mumbles some strange words.
You are confused.
You barely miss Sigmund.
Sigmund is almost dead.
Sigmund gestures at you while chanting. The magic dart hits you!
Found 15 gold pieces.
Sigmund gestures at you while chanting. The puff of flame hits you.
* * * LOW HITPOINT WARNING * * *
Sigmund gestures at you while chanting. The magic dart hits you!
You die...

......... .$......# ####
......... #... ......#
#.## .....## #.#. #....#
#.## #....# #... #..@.#
###.
####...@##############.
.......................>
#####....###############
#.>.)# ######## #....#
#....... #....# #.######
#..!.# #.# ###.## #.#


You could see Sigmund.

Vanquished Creatures
  3 ball pythons
  2 endoplasms (D:1)
  4 goblins
  3 hobgoblins
  3 jackals (D:1)
  A quokka (D:2)
  A bat (D:1)
  A kobold (D:1)
  4 rats
22 creatures vanquished.

Notes
Turn   | Place    | Note
-------+----------+-------------------------------------------
     0 | D:1      | Iusername the Minotaur Fighter began the quest for the Orb.
     0 | D:1      | Reached XP level 1. HP: 19/19 MP: 0/0
   256 | D:1      | Reached XP level 2. HP: 22/27 MP: 1/1
   556 | D:1      | Found a faded altar of an unknown god.
   989 | D:2      | Noticed Sigmund
  1005 | D:2      | Killed from afar by Sigmund

Illustrated notes

Levels and vault maps discovered:
D:1:      eino_arrival_water_star, layout_basic,
          hellmonk_ecumenical_altar_dog_temple
D:2:      layout_basic, uniq_sigmund

Skill      XL: |  1  2 |
---------------+-------+-----
Armour         | 4 |  4.0
Fighting       | 4 |  4.0
Shields        | 4 |  4.0
Axes           | 3 |  3.0

Action                   || total
-------------------------++-------
Melee: War axe           ||    47
       Headbutt          ||     5
  Use: Potion            ||     1
Armor: Scale mail        ||    22
Dodge: Dodged            ||    25
Block: Buckler           ||    11
